[ AOE2 MATCH · #476333902 ]
UnrankedBurgundians vs Khmer
[ REPLAY ANALYSIS · EXTRACTED FROM THE RECORDED GAME ]
Feudal
12:58
Castle
16:59
Imperial
—
| APM avg | 18.4 |
| APM peak | 41 |
| eAPM avg | 10.9 |
| Villagers / military | 34 / 24 |
Focus
⚔️ 31.5% · 🌾 68.5%
Spearman ×14 · Knight ×7 · Scout Cavalry ×3
Feudal
8:14
Castle
19:46
Imperial
—
| APM avg | 55.0 |
| APM peak | 95 |
| eAPM avg | 25.0 |
| Villagers / military | 58 / 56 |
Focus
⚔️ 54.2% · 🌾 45.8%
Battle Elephant ×46 · Scout Cavalry ×9 · Monk ×1
Feudal
9:41
Castle
22:02
Imperial
—
| APM avg | 70.1 |
| APM peak | 96 |
| eAPM avg | 29.8 |
| Villagers / military | 75 / 105 |
Focus
⚔️ 33.0% · 🌾 67.0%
Archer ×105
Feudal
12:26
Castle
18:26
Imperial
—
| APM avg | 29.2 |
| APM peak | 74 |
| eAPM avg | 11.7 |
| Villagers / military | 46 / 11 |
Focus
⚔️ 23.3% · 🌾 76.7%
Knight ×6 · Spearman ×5
Feudal
8:44
Castle
23:21
Imperial
—
| APM avg | 43.7 |
| APM peak | 76 |
| eAPM avg | 18.3 |
| Villagers / military | 63 / 52 |
Focus
⚔️ 28.6% · 🌾 71.4%
Archer ×52
Feudal
9:30
Castle
22:38
Imperial
—
| APM avg | 46.1 |
| APM peak | 91 |
| eAPM avg | 16.8 |
| Villagers / military | 57 / 96 |
Focus
⚔️ 48.1% · 🌾 51.9%
Archer ×94 · Monk ×2
Feudal
8:53
Castle
19:17
Imperial
—
| APM avg | 54.0 |
| APM peak | 103 |
| eAPM avg | 24.8 |
| Villagers / military | 109 / 41 |
Focus
⚔️ 30.1% · 🌾 69.9%
Knight ×34 · Scout Cavalry ×7
Feudal
10:39
Castle
—
Imperial
—
| APM avg | 19.9 |
| APM peak | 49 |
| eAPM avg | 10.5 |
| Villagers / military | 36 / 19 |
Focus
⚔️ 26.0% · 🌾 74.0%
Archer ×10 · Spearman ×5 · Skirmisher ×4
Match map
Initial resources + every placement click. Lines = walls · curves = elevation contours. ◆ gold · ⬟ stone · ● berries · ✦ relic · ◌ wall gap
Your base· ✓ Closed at 16:59 · 99t walls · 1 gate(s)
Mr Diniz's base· Open — unwalled flank
Capt. Eadk'an's base· ✓ Closed at 22:02 · 30t walls · no gate
Fr4ggi's base· Open — unwalled flank
Matzeking's base· ✓ Closed at 23:21 · 44t walls · 1 gate(s)
Quando's base· ✓ Closed at 22:38 · 36t walls · 1 gate(s)
OS | Pierovic's base· Open — 4t gap
PJtheDcoy's base· ✓ Closed at 26:52 · 64t walls · 1 gate(s)
Smoothed initial terrain · ◌ = detected wall gap · hover for details
Inputs per minute
— Relief - - Mr Diniz
Build order — Relief
115 actions detected in the replay
| 0:02 | Research | Loom |
| 0:02 | Queue | Villager (Male) |
| 0:03 | Queue | Villager (Male) |
| 0:05 | Build | House |
| 0:06 | Build | House |
| 0:26 | Queue | Villager (Male) |
| 0:27 | Queue | Villager (Male) |
| 1:37 | Queue | Villager (Male) |
| 2:11 | Build | Lumber Camp |
| 2:13 | Queue | Villager (Male) |
| 2:31 | Queue | Villager (Male) |
| 3:02 | Queue | Villager (Male) |
| 3:30 | Queue | Villager (Male) |
| 3:46 | Queue | Villager (Male) |
| 4:16 | Queue | Villager (Male) |
| 4:19 | Build | House |
| 4:21 | Build | House |
| 4:41 | Build | Mill |
| 4:58 | Queue | Villager (Male) |
| 5:19 | Build | Palisade Wall |
| 5:25 | Queue | Villager (Male) |
| 5:45 | Queue | Villager (Male) |
| 6:16 | Queue | Villager (Male) |
| 6:55 | Build | Farm |
| 7:01 | Queue | Villager (Male) |
| 7:01 | Queue | Villager (Male) |
| 7:02 | Queue | Villager (Male) |
| 7:09 | Build | Farm |
| 7:31 | Build | Lumber Camp |
| 7:34 | Queue | Villager (Male) |
| 7:51 | Build | Palisade Wall |
| 7:53 | Queue | Villager (Male) |
| 8:05 | Build | House |
| 8:18 | Build | Palisade Wall |
| 8:21 | Queue | Villager (Male) |
| 8:48 | Queue | Villager (Male) |
| 9:12 | Queue | Villager (Male) |
| 9:50 | Build | Palisade Wall |
| 9:51 | Build | Palisade Wall |
| 10:06 | Build | Mining Camp |
| 10:23 | Queue | Villager (Male) |
| 10:33 | Research | Feudal Age |
| 10:59 | Build | Farm |
| 11:00 | Build | Farm |
| 11:03 | Build | Farm |
| 11:05 | Build | Farm |
| 11:39 | Build | Barracks |
| 11:48 | Queue | Villager (Male) |
| 11:48 | Queue | Villager (Male) |
| 12:02 | Build | Palisade Wall |
| 12:05 | Build | Palisade Wall |
| 12:23 | Build | Palisade Wall |
| 12:58 | Age | Feudal Age |
| 13:01 | Build | Blacksmith |
| 13:11 | Build | Stable |
| 13:28 | Build | Palisade Wall |
| 13:40 | Build | Farm |
| 13:42 | Build | Farm |
| 14:11 | Build | Palisade Wall |
| 14:19 | Research | Castle Age |
| 14:35 | Research | Double-Bit Axe |
| 14:47 | Build | House |
| 14:58 | Queue | Spearman |
| 15:15 | Build | Farm |
| 15:20 | Build | Palisade Gate |
| 15:37 | Queue | Spearman |
| 15:48 | Queue | Spearman |
| 16:35 | Queue | Villager (Male) |
| 16:44 | Build | Farm |
| 16:45 | Build | Farm |
| 16:59 | Age | Castle Age |
| 17:02 | Queue | Knight |
| 17:44 | Queue | Villager (Male) |
| 17:45 | Queue | Villager (Male) |
| 18:10 | Build | Stable |
| 18:17 | Queue | Villager (Male) |
| 18:17 | Queue | Villager (Male) |
| 18:32 | Build | Palisade Wall |
| 18:45 | Research | Scale Barding Armor |
| 18:49 | Queue | Knight |
| 18:51 | Research | Cavalier (upgrade) |
| 18:59 | Build | Town Center |
| 19:13 | Queue | Knight |
| 19:59 | Queue | Knight |
| 20:00 | Queue | Knight |
| 20:00 | Research | Husbandry |
| 20:30 | Queue | Knight |
| 20:40 | Queue | Villager (Male) |
| 21:14 | Build | Farm |
| 21:20 | Build | House |
| 22:11 | Build | Market |
| 22:15 | Queue | Knight |
| 22:29 | Queue | Spearman |
| 22:29 | Queue | Spearman |
| 22:56 | Research | Fletching |
| 22:59 | Research | Forging |
| 23:21 | Queue | Spearman |
| 23:21 | Queue | Spearman |
| 23:29 | Build | Farm |
| 23:32 | Queue | Spearman |
| 23:33 | Research | Pikeman (upgrade) |
| 23:33 | Research | Pikeman (upgrade) |
| 23:57 | Queue | Scout Cavalry |
| 24:51 | Queue | Spearman |
| 24:51 | Queue | Spearman |
| 25:21 | Build | Market |
| 25:43 | Queue | Scout Cavalry |
| 25:44 | Queue | Scout Cavalry |
| 26:47 | Queue | Spearman |
| 26:47 | Queue | Spearman |
| 26:57 | Build | Barracks |
| 27:08 | Queue | Spearman |
| 27:08 | Queue | Spearman |
| 28:46 | Queue | Villager (Male) |
| 28:47 | Queue | Villager (Male) |
Build order — Mr Diniz
First 150 of 224 actions detected
| 0:01 | Queue | Villager (Male) |
| 0:01 | Queue | Villager (Male) |
| 0:02 | Queue | Villager (Male) |
| 0:03 | Build | House |
| 0:06 | Build | House |
| 0:13 | Queue | Villager (Male) |
| 1:28 | Queue | Villager (Male) |
| 1:28 | Queue | Villager (Male) |
| 2:00 | Queue | Villager (Male) |
| 2:01 | Queue | Villager (Male) |
| 2:04 | Build | House |
| 2:14 | Build | Lumber Camp |
| 2:33 | Queue | Villager (Male) |
| 2:33 | Queue | Villager (Male) |
| 2:49 | Queue | Villager (Male) |
| 2:49 | Queue | Villager (Male) |
| 3:11 | Queue | Villager (Male) |
| 3:11 | Queue | Villager (Male) |
| 3:34 | Queue | Villager (Male) |
| 3:38 | Build | House |
| 4:22 | Queue | Villager (Male) |
| 4:35 | Queue | Villager (Male) |
| 5:06 | Queue | Villager (Male) |
| 5:27 | Research | Loom |
| 5:46 | Build | Mill |
| 6:04 | Research | Feudal Age |
| 6:04 | Research | Feudal Age |
| 6:31 | Build | House |
| 7:31 | Queue | Villager (Male) |
| 8:14 | Age | Feudal Age |
| 8:15 | Queue | Villager (Male) |
| 8:18 | Build | Stable |
| 8:27 | Research | Double-Bit Axe |
| 8:44 | Queue | Villager (Male) |
| 8:58 | Build | Mill |
| 9:02 | Queue | Scout Cavalry |
| 9:02 | Queue | Scout Cavalry |
| 9:02 | Queue | Scout Cavalry |
| 9:13 | Queue | Scout Cavalry |
| 9:41 | Build | House |
| 9:44 | Queue | Villager (Male) |
| 9:46 | Build | Farm |
| 9:47 | Build | Farm |
| 9:54 | Build | Farm |
| 9:59 | Build | House |
| 10:12 | Queue | Villager (Male) |
| 10:15 | Build | Farm |
| 10:34 | Queue | Scout Cavalry |
| 10:37 | Build | Farm |
| 10:50 | Build | Farm |
| 10:51 | Queue | Villager (Male) |
| 11:23 | Queue | Villager (Male) |
| 11:32 | Build | Farm |
| 11:33 | Queue | Villager (Male) |
| 11:35 | Build | House |
| 11:44 | Queue | Scout Cavalry |
| 11:44 | Queue | Scout Cavalry |
| 12:02 | Queue | Villager (Male) |
| 12:03 | Build | Farm |
| 12:37 | Queue | Villager (Male) |
| 12:39 | Build | Farm |
| 12:41 | Research | Horse Collar |
| 12:45 | Queue | Scout Cavalry |
| 12:45 | Queue | Scout Cavalry |
| 12:52 | Build | Farm |
| 13:21 | Queue | Villager (Male) |
| 13:23 | Build | Farm |
| 13:40 | Queue | Villager (Male) |
| 13:42 | Build | House |
| 13:58 | Build | Watch Tower |
| 14:03 | Research | Wheelbarrow |
| 14:16 | Queue | Villager (Male) |
| 14:41 | Queue | Villager (Male) |
| 15:06 | Build | Palisade Wall |
| 15:06 | Build | Palisade Wall |
| 15:07 | Build | Palisade Wall |
| 15:07 | Build | Palisade Wall |
| 15:07 | Build | Palisade Wall |
| 15:08 | Build | Palisade Wall |
| 15:09 | Build | Palisade Wall |
| 15:09 | Build | Palisade Wall |
| 15:10 | Build | Palisade Wall |
| 15:12 | Queue | Villager (Male) |
| 15:15 | Build | Mining Camp |
| 15:19 | Build | Blacksmith |
| 15:21 | Build | House |
| 15:32 | Queue | Villager (Male) |
| 16:15 | Queue | Villager (Male) |
| 16:56 | Build | House |
| 17:05 | Research | Castle Age |
| 17:06 | Research | Castle Age |
| 17:29 | Research | Scale Barding Armor |
| 17:36 | Build | Stable |
| 17:36 | Build | Stable |
| 17:42 | Build | Stable |
| 17:49 | Research | Gold Mining |
| 17:49 | Research | Gold Mining |
| 18:10 | Build | Lumber Camp |
| 18:29 | Build | Stable |
| 18:35 | Build | Stable |
| 18:38 | Build | Palisade Wall |
| 18:39 | Build | Palisade Wall |
| 18:41 | Build | Palisade Wall |
| 18:55 | Build | Farm |
| 18:56 | Build | Farm |
| 19:00 | Build | Farm |
| 19:16 | Build | Farm |
| 19:22 | Build | Farm |
| 19:42 | Build | Farm |
| 19:43 | Queue | Villager (Male) |
| 19:46 | Age | Castle Age |
| 19:48 | Queue | Battle Elephant |
| 19:53 | Research | Bloodlines |
| 19:54 | Research | Chain Barding Armor |
| 19:55 | Queue | Villager (Male) |
| 20:03 | Build | Mining Camp |
| 20:19 | Queue | Battle Elephant |
| 20:20 | Queue | Villager (Male) |
| 20:21 | Build | Farm |
| 20:29 | Queue | Villager (Male) |
| 20:31 | Queue | Battle Elephant |
| 20:38 | Build | House |
| 20:40 | Queue | Battle Elephant |
| 20:40 | Queue | Battle Elephant |
| 20:51 | Build | Farm |
| 21:08 | Queue | Battle Elephant |
| 21:11 | Build | House |
| 21:12 | Build | House |
| 21:21 | Queue | Battle Elephant |
| 21:22 | Queue | Battle Elephant |
| 21:40 | Queue | Villager (Male) |
| 21:41 | Queue | Villager (Male) |
| 21:43 | Build | Farm |
| 21:44 | Build | Farm |
| 21:58 | Queue | Battle Elephant |
| 21:58 | Queue | Battle Elephant |
| 22:02 | Build | Farm |
| 22:10 | Build | Farm |
| 22:21 | Queue | Battle Elephant |
| 22:21 | Queue | Battle Elephant |
| 22:36 | Queue | Villager (Male) |
| 22:52 | Research | Husbandry |
| 22:52 | Research | Husbandry |
| 22:56 | Build | Monastery |
| 23:02 | Queue | Villager (Male) |
| 23:12 | Build | House |
| 23:14 | Build | Palisade Wall |
| 23:15 | Build | House |
| 23:18 | Build | House |
| 23:35 | Queue | Villager (Male) |
Build order — Capt. Eadk'an
First 150 of 262 actions detected
| 0:01 | Research | Loom |
| 0:02 | Build | House |
| 0:03 | Queue | Villager (Male) |
| 0:03 | Queue | Villager (Male) |
| 0:04 | Build | House |
| 0:04 | Queue | Villager (Male) |
| 1:21 | Queue | Villager (Male) |
| 1:51 | Build | Lumber Camp |
| 2:02 | Queue | Villager (Male) |
| 2:09 | Queue | Villager (Male) |
| 2:43 | Queue | Villager (Male) |
| 3:05 | Queue | Villager (Male) |
| 3:38 | Queue | Villager (Male) |
| 3:45 | Queue | Villager (Male) |
| 4:01 | Build | House |
| 4:19 | Queue | Villager (Male) |
| 4:19 | Queue | Villager (Male) |
| 4:52 | Queue | Villager (Male) |
| 4:52 | Queue | Villager (Male) |
| 4:53 | Queue | Villager (Male) |
| 5:09 | Queue | Villager (Male) |
| 5:09 | Queue | Villager (Male) |
| 5:11 | Build | Mill |
| 5:35 | Queue | Villager (Male) |
| 5:44 | Queue | Villager (Male) |
| 6:03 | Build | House |
| 6:38 | Queue | Villager (Male) |
| 6:40 | Queue | Villager (Male) |
| 7:29 | Research | Feudal Age |
| 7:29 | Research | Feudal Age |
| 8:05 | Build | Barracks |
| 8:20 | Build | Mining Camp |
| 8:55 | Queue | Villager (Male) |
| 8:55 | Queue | Villager (Male) |
| 9:11 | Build | House |
| 9:41 | Age | Feudal Age |
| 9:43 | Build | Archery Range |
| 9:47 | Build | Archery Range |
| 9:47 | Queue | Villager (Male) |
| 9:48 | Queue | Villager (Male) |
| 9:55 | Queue | Villager (Male) |
| 10:24 | Build | Blacksmith |
| 10:37 | Build | House |
| 10:41 | Queue | Archer |
| 10:46 | Queue | Archer |
| 10:54 | Queue | Villager (Male) |
| 10:56 | Queue | Archer |
| 10:56 | Queue | Archer |
| 11:01 | Build | House |
| 11:17 | Queue | Villager (Male) |
| 11:20 | Build | House |
| 11:25 | Queue | Archer |
| 11:25 | Queue | Archer |
| 11:35 | Research | Fletching |
| 11:35 | Research | Fletching |
| 11:42 | Queue | Archer |
| 11:43 | Queue | Archer |
| 11:44 | Queue | Villager (Male) |
| 11:58 | Build | House |
| 11:59 | Build | House |
| 12:09 | Queue | Archer |
| 12:09 | Queue | Archer |
| 12:10 | Queue | Villager (Male) |
| 12:11 | Queue | Villager (Male) |
| 12:32 | Queue | Archer |
| 12:32 | Queue | Archer |
| 12:47 | Queue | Archer |
| 12:47 | Queue | Archer |
| 12:57 | Queue | Villager (Male) |
| 13:03 | Build | Farm |
| 13:04 | Build | Farm |
| 13:06 | Build | Farm |
| 13:11 | Build | House |
| 13:12 | Build | House |
| 13:12 | Build | House |
| 13:16 | Queue | Archer |
| 13:17 | Queue | Archer |
| 13:40 | Queue | Villager (Male) |
| 13:40 | Queue | Villager (Male) |
| 13:46 | Queue | Archer |
| 13:46 | Queue | Archer |
| 13:47 | Queue | Archer |
| 13:47 | Queue | Archer |
| 13:54 | Build | Farm |
| 13:55 | Build | Farm |
| 13:56 | Build | Farm |
| 13:57 | Queue | Villager (Male) |
| 14:09 | Build | Farm |
| 14:12 | Queue | Archer |
| 14:12 | Queue | Archer |
| 14:41 | Queue | Archer |
| 14:41 | Queue | Archer |
| 14:42 | Queue | Archer |
| 14:52 | Build | Mill |
| 14:53 | Queue | Villager (Male) |
| 14:53 | Queue | Villager (Male) |
| 14:57 | Queue | Archer |
| 14:57 | Queue | Archer |
| 15:06 | Queue | Villager (Male) |
| 15:08 | Build | Farm |
| 15:11 | Build | Farm |
| 15:15 | Queue | Archer |
| 15:15 | Queue | Archer |
| 15:18 | Queue | Archer |
| 15:19 | Queue | Archer |
| 15:44 | Queue | Villager (Male) |
| 15:46 | Queue | Archer |
| 15:46 | Queue | Archer |
| 15:55 | Queue | Villager (Male) |
| 16:03 | Queue | Villager (Male) |
| 16:21 | Queue | Archer |
| 16:22 | Queue | Archer |
| 16:22 | Queue | Archer |
| 16:47 | Queue | Archer |
| 16:47 | Queue | Archer |
| 16:49 | Queue | Villager (Male) |
| 16:50 | Queue | Villager (Male) |
| 16:54 | Build | Farm |
| 16:56 | Build | Farm |
| 16:56 | Build | Farm |
| 17:00 | Build | Farm |
| 17:00 | Queue | Villager (Male) |
| 17:04 | Queue | Archer |
| 17:05 | Queue | Archer |
| 17:17 | Queue | Archer |
| 17:17 | Queue | Archer |
| 17:18 | Queue | Villager (Male) |
| 17:19 | Queue | Villager (Male) |
| 17:27 | Research | Wheelbarrow |
| 17:36 | Build | Farm |
| 17:37 | Build | Farm |
| 17:41 | Queue | Archer |
| 17:41 | Queue | Archer |
| 18:06 | Build | Palisade Wall |
| 18:10 | Queue | Archer |
| 18:10 | Queue | Archer |
| 18:31 | Queue | Villager (Male) |
| 18:50 | Queue | Villager (Male) |
| 19:09 | Build | Palisade Wall |
| 19:11 | Build | Palisade Wall |
| 19:22 | Research | Castle Age |
| 19:22 | Research | Castle Age |
| 19:29 | Queue | Archer |
| 19:30 | Queue | Archer |
| 19:41 | Queue | Archer |
| 19:41 | Queue | Archer |
| 19:47 | Research | Padded Archer Armor |
| 19:47 | Research | Padded Archer Armor |
| 19:47 | Research | Padded Archer Armor |
| 19:55 | Queue | Archer |
Build order — Fr4ggi
114 actions detected in the replay
| 0:03 | Build | House |
| 0:06 | Build | House |
| 0:34 | Queue | Villager (Male) |
| 0:34 | Queue | Villager (Male) |
| 0:56 | Queue | Villager (Male) |
| 1:12 | Queue | Villager (Male) |
| 1:19 | Queue | Villager (Male) |
| 1:49 | Queue | Villager (Male) |
| 2:22 | Build | Lumber Camp |
| 2:25 | Queue | Villager (Male) |
| 2:47 | Queue | Villager (Male) |
| 3:15 | Queue | Villager (Male) |
| 3:26 | Queue | Villager (Male) |
| 4:06 | Queue | Villager (Male) |
| 4:06 | Queue | Villager (Male) |
| 4:12 | Build | House |
| 4:54 | Build | Mill |
| 5:09 | Queue | Villager (Male) |
| 5:43 | Queue | Villager (Male) |
| 5:43 | Queue | Villager (Male) |
| 5:55 | Build | House |
| 6:07 | Queue | Villager (Male) |
| 6:13 | Queue | Villager (Male) |
| 6:30 | Queue | Villager (Male) |
| 6:40 | Build | House |
| 6:44 | Queue | Villager (Male) |
| 7:25 | Queue | Villager (Male) |
| 7:48 | Build | Farm |
| 8:51 | Build | Farm |
| 8:54 | Build | Farm |
| 8:58 | Queue | Villager (Male) |
| 8:58 | Queue | Villager (Male) |
| 9:40 | Build | Mining Camp |
| 10:03 | Build | Farm |
| 10:12 | Build | Farm |
| 10:17 | Queue | Villager (Male) |
| 10:22 | Research | Feudal Age |
| 10:33 | Build | Barracks |
| 11:07 | Research | Loom |
| 12:26 | Age | Feudal Age |
| 12:34 | Queue | Spearman |
| 12:35 | Queue | Spearman |
| 13:35 | Queue | Spearman |
| 13:35 | Queue | Spearman |
| 14:11 | Build | Farm |
| 14:12 | Build | Farm |
| 14:13 | Build | Farm |
| 14:43 | Build | Blacksmith |
| 14:46 | Queue | Villager (Male) |
| 14:46 | Queue | Villager (Male) |
| 15:01 | Build | Stable |
| 16:01 | Research | Castle Age |
| 16:10 | Build | Mining Camp |
| 16:23 | Queue | Spearman |
| 16:27 | Build | Lumber Camp |
| 17:12 | Build | House |
| 17:25 | Research | Scale Barding Armor |
| 17:27 | Research | Forging |
| 17:52 | Research | Double-Bit Axe |
| 18:00 | Build | Farm |
| 18:13 | Queue | Villager (Male) |
| 18:26 | Age | Castle Age |
| 18:31 | Queue | Knight |
| 18:50 | Build | Farm |
| 18:50 | Build | Farm |
| 18:51 | Build | Farm |
| 19:22 | Build | Farm |
| 19:34 | Research | Bloodlines |
| 19:43 | Queue | Villager (Male) |
| 19:44 | Queue | Villager (Male) |
| 20:44 | Build | Farm |
| 20:45 | Queue | Villager (Male) |
| 20:55 | Queue | Villager (Male) |
| 21:12 | Build | House |
| 21:25 | Queue | Knight |
| 21:47 | Queue | Villager (Male) |
| 21:57 | Build | Town Center |
| 22:10 | Queue | Villager (Male) |
| 22:15 | Build | Farm |
| 22:23 | Build | House |
| 22:33 | Build | House |
| 22:39 | Research | Horse Collar |
| 22:42 | Build | Farm |
| 22:44 | Queue | Villager (Male) |
| 22:57 | Queue | Knight |
| 23:05 | Research | Gold Mining |
| 23:10 | Queue | Villager (Male) |
| 23:13 | Research | Wheelbarrow |
| 23:25 | Build | Farm |
| 23:40 | Build | Farm |
| 24:02 | Build | Farm |
| 24:36 | Queue | Knight |
| 25:18 | Research | Bow Saw |
| 25:25 | Queue | Villager (Male) |
| 25:25 | Queue | Villager (Male) |
| 25:25 | Queue | Villager (Male) |
| 25:29 | Build | Farm |
| 25:30 | Build | Farm |
| 25:35 | Queue | Villager (Male) |
| 25:42 | Build | House |
| 25:48 | Research | Heavy Plow |
| 25:52 | Queue | Villager (Male) |
| 25:53 | Queue | Villager (Male) |
| 25:57 | Queue | Knight |
| 26:25 | Queue | Villager (Male) |
| 26:52 | Queue | Villager (Male) |
| 26:55 | Queue | Villager (Male) |
| 26:56 | Queue | Villager (Male) |
| 27:00 | Build | Farm |
| 27:02 | Build | Farm |
| 27:03 | Queue | Villager (Male) |
| 27:09 | Queue | Knight |
| 27:10 | Research | Husbandry |
| 27:21 | Queue | Villager (Male) |
Build order — Matzeking
First 150 of 204 actions detected
| 0:05 | Queue | Villager (Male) |
| 0:05 | Queue | Villager (Male) |
| 0:07 | Build | House |
| 0:10 | Build | House |
| 0:32 | Queue | Villager (Male) |
| 0:32 | Queue | Villager (Male) |
| 1:32 | Queue | Villager (Male) |
| 1:53 | Queue | Villager (Male) |
| 1:54 | Queue | Villager (Male) |
| 2:21 | Queue | Villager (Male) |
| 2:57 | Queue | Villager (Male) |
| 3:11 | Build | Lumber Camp |
| 3:27 | Queue | Villager (Male) |
| 3:30 | Queue | Villager (Male) |
| 3:36 | Build | House |
| 3:57 | Queue | Villager (Male) |
| 4:26 | Queue | Villager (Male) |
| 5:03 | Queue | Villager (Male) |
| 5:35 | Queue | Villager (Male) |
| 5:49 | Build | Mill |
| 6:09 | Research | Loom |
| 6:30 | Research | Feudal Age |
| 7:01 | Build | House |
| 7:42 | Build | Barracks |
| 8:44 | Age | Feudal Age |
| 8:47 | Queue | Villager (Male) |
| 8:53 | Build | Archery Range |
| 8:58 | Build | Archery Range |
| 9:05 | Build | House |
| 9:10 | Queue | Villager (Male) |
| 9:16 | Build | Mining Camp |
| 9:33 | Queue | Villager (Male) |
| 9:52 | Queue | Villager (Male) |
| 9:52 | Queue | Villager (Male) |
| 10:05 | Queue | Archer |
| 10:10 | Build | Archery Range |
| 10:36 | Queue | Archer |
| 10:53 | Queue | Archer |
| 10:55 | Queue | Villager (Male) |
| 11:12 | Queue | Archer |
| 11:21 | Queue | Villager (Male) |
| 11:25 | Build | House |
| 11:27 | Build | Blacksmith |
| 11:46 | Queue | Archer |
| 11:52 | Queue | Villager (Male) |
| 12:07 | Queue | Archer |
| 12:07 | Queue | Villager (Male) |
| 12:10 | Build | House |
| 12:25 | Queue | Archer |
| 12:29 | Queue | Archer |
| 12:39 | Build | Mill |
| 12:42 | Queue | Archer |
| 12:42 | Queue | Archer |
| 12:43 | Queue | Villager (Male) |
| 13:04 | Research | Fletching |
| 13:04 | Queue | Villager (Male) |
| 13:15 | Queue | Archer |
| 13:27 | Queue | Villager (Male) |
| 13:30 | Build | House |
| 13:32 | Queue | Archer |
| 13:49 | Queue | Archer |
| 14:01 | Queue | Villager (Male) |
| 14:08 | Build | Palisade Wall |
| 14:13 | Build | Palisade Gate |
| 14:15 | Queue | Villager (Male) |
| 14:16 | Queue | Villager (Male) |
| 14:16 | Queue | Archer |
| 14:40 | Queue | Archer |
| 14:43 | Build | Farm |
| 14:43 | Build | Farm |
| 14:43 | Build | Farm |
| 14:43 | Build | Farm |
| 14:52 | Build | House |
| 14:57 | Build | House |
| 14:59 | Queue | Archer |
| 15:00 | Queue | Villager (Male) |
| 15:21 | Queue | Villager (Male) |
| 15:21 | Queue | Archer |
| 15:31 | Build | Farm |
| 15:35 | Build | Farm |
| 15:36 | Queue | Archer |
| 15:43 | Queue | Archer |
| 15:54 | Queue | Archer |
| 16:11 | Queue | Villager (Male) |
| 16:17 | Build | Palisade Wall |
| 16:20 | Build | Palisade Wall |
| 16:24 | Queue | Archer |
| 16:25 | Queue | Villager (Male) |
| 16:27 | Build | House |
| 16:49 | Queue | Archer |
| 16:49 | Queue | Archer |
| 16:57 | Build | Farm |
| 16:58 | Build | Farm |
| 17:02 | Queue | Villager (Male) |
| 17:02 | Queue | Archer |
| 17:17 | Queue | Archer |
| 17:17 | Queue | Villager (Male) |
| 17:32 | Queue | Archer |
| 17:38 | Queue | Archer |
| 17:45 | Build | Palisade Wall |
| 17:51 | Build | Farm |
| 17:52 | Build | Farm |
| 17:53 | Queue | Villager (Male) |
| 18:00 | Build | Palisade Wall |
| 18:03 | Queue | Villager (Male) |
| 18:04 | Queue | Archer |
| 18:21 | Build | House |
| 18:34 | Queue | Archer |
| 18:42 | Build | Farm |
| 18:44 | Build | Farm |
| 18:52 | Build | Farm |
| 19:02 | Build | House |
| 19:13 | Queue | Villager (Male) |
| 19:44 | Queue | Villager (Male) |
| 19:45 | Queue | Archer |
| 19:46 | Queue | Archer |
| 19:57 | Build | Farm |
| 19:59 | Build | Farm |
| 20:11 | Queue | Villager (Male) |
| 20:41 | Research | Castle Age |
| 20:41 | Research | Castle Age |
| 20:42 | Queue | Archer |
| 20:42 | Queue | Archer |
| 21:02 | Research | Double-Bit Axe |
| 21:23 | Build | House |
| 21:23 | Build | House |
| 21:25 | Build | House |
| 21:26 | Build | House |
| 21:31 | Research | Padded Archer Armor |
| 21:39 | Queue | Archer |
| 21:39 | Queue | Archer |
| 21:41 | Research | Gold Mining |
| 21:44 | Research | Horse Collar |
| 21:44 | Research | Horse Collar |
| 23:05 | Queue | Archer |
| 23:05 | Queue | Archer |
| 23:21 | Age | Castle Age |
| 23:25 | Research | Bodkin Arrow |
| 23:25 | Research | Crossbowman (upgrade) |
| 23:26 | Queue | Villager (Male) |
| 23:35 | Build | University |
| 23:46 | Research | Bow Saw |
| 24:11 | Queue | Villager (Male) |
| 24:12 | Queue | Archer |
| 24:12 | Queue | Archer |
| 24:28 | Queue | Villager (Male) |
| 24:35 | Build | Town Center |
| 25:01 | Queue | Villager (Male) |
| 25:16 | Research | Ballistics |
| 25:24 | Queue | Villager (Male) |
Build order — Quando
First 150 of 229 actions detected
| 0:00 | Research | Loom |
| 0:01 | Queue | Villager (Male) |
| 0:02 | Queue | Villager (Male) |
| 0:03 | Build | House |
| 0:06 | Build | House |
| 0:27 | Queue | Villager (Male) |
| 1:25 | Queue | Villager (Male) |
| 1:53 | Build | Lumber Camp |
| 2:07 | Queue | Villager (Male) |
| 2:08 | Queue | Villager (Male) |
| 2:09 | Queue | Villager (Male) |
| 2:57 | Queue | Villager (Male) |
| 3:10 | Queue | Villager (Male) |
| 3:37 | Queue | Villager (Male) |
| 3:42 | Build | House |
| 3:58 | Queue | Villager (Male) |
| 4:32 | Queue | Villager (Male) |
| 4:54 | Queue | Villager (Male) |
| 5:04 | Queue | Villager (Male) |
| 5:18 | Queue | Villager (Male) |
| 5:30 | Build | Mining Camp |
| 5:45 | Build | House |
| 5:50 | Queue | Villager (Male) |
| 6:39 | Queue | Villager (Male) |
| 7:20 | Research | Feudal Age |
| 7:34 | Build | Barracks |
| 8:42 | Build | House |
| 8:48 | Queue | Villager (Male) |
| 9:17 | Build | Palisade Wall |
| 9:30 | Age | Feudal Age |
| 9:32 | Build | Archery Range |
| 9:37 | Build | Archery Range |
| 9:47 | Queue | Villager (Male) |
| 10:10 | Research | Double-Bit Axe |
| 10:11 | Queue | Villager (Male) |
| 10:17 | Queue | Archer |
| 10:18 | Queue | Archer |
| 10:29 | Build | House |
| 10:34 | Build | House |
| 10:36 | Queue | Villager (Male) |
| 10:57 | Queue | Archer |
| 10:58 | Queue | Archer |
| 10:58 | Queue | Archer |
| 10:59 | Queue | Villager (Male) |
| 11:21 | Build | Blacksmith |
| 11:23 | Build | Palisade Wall |
| 11:29 | Build | Palisade Wall |
| 11:30 | Queue | Villager (Male) |
| 11:41 | Build | Mill |
| 12:00 | Queue | Villager (Male) |
| 12:11 | Queue | Villager (Male) |
| 12:16 | Queue | Archer |
| 12:16 | Queue | Archer |
| 12:21 | Build | Farm |
| 12:38 | Build | Farm |
| 12:39 | Queue | Archer |
| 12:39 | Queue | Archer |
| 12:44 | Build | Farm |
| 12:46 | Queue | Villager (Male) |
| 12:50 | Build | Palisade Wall |
| 12:55 | Build | House |
| 12:57 | Build | House |
| 13:01 | Queue | Archer |
| 13:13 | Queue | Villager (Male) |
| 13:25 | Build | Farm |
| 13:39 | Queue | Archer |
| 13:39 | Queue | Archer |
| 13:40 | Queue | Villager (Male) |
| 13:48 | Build | House |
| 14:04 | Queue | Villager (Male) |
| 14:05 | Queue | Archer |
| 14:05 | Queue | Archer |
| 14:10 | Build | Farm |
| 14:13 | Build | Farm |
| 14:14 | Build | Farm |
| 14:17 | Build | Palisade Wall |
| 14:20 | Queue | Villager (Male) |
| 14:39 | Build | Palisade Gate |
| 14:47 | Queue | Archer |
| 14:48 | Queue | Villager (Male) |
| 15:09 | Build | House |
| 15:17 | Research | Fletching |
| 15:31 | Queue | Archer |
| 15:32 | Queue | Archer |
| 15:37 | Queue | Villager (Male) |
| 15:37 | Queue | Villager (Male) |
| 15:41 | Build | Farm |
| 15:41 | Build | Farm |
| 15:42 | Build | Farm |
| 16:18 | Queue | Archer |
| 16:18 | Queue | Archer |
| 16:20 | Build | House |
| 16:37 | Queue | Villager (Male) |
| 16:38 | Queue | Villager (Male) |
| 16:39 | Queue | Archer |
| 16:39 | Queue | Archer |
| 16:49 | Build | Archery Range |
| 16:51 | Build | Farm |
| 16:51 | Build | Farm |
| 16:52 | Queue | Villager (Male) |
| 16:56 | Queue | Archer |
| 16:56 | Queue | Archer |
| 17:21 | Queue | Archer |
| 17:23 | Queue | Villager (Male) |
| 17:26 | Build | Farm |
| 17:29 | Build | House |
| 17:30 | Build | House |
| 17:32 | Build | Farm |
| 17:34 | Queue | Villager (Male) |
| 17:38 | Build | Farm |
| 17:50 | Queue | Archer |
| 17:51 | Queue | Archer |
| 17:52 | Queue | Villager (Male) |
| 18:01 | Queue | Archer |
| 18:01 | Queue | Archer |
| 18:13 | Queue | Archer |
| 18:14 | Queue | Archer |
| 18:20 | Build | Market |
| 18:34 | Build | House |
| 18:38 | Queue | Archer |
| 18:38 | Queue | Archer |
| 18:42 | Queue | Villager (Male) |
| 19:13 | Queue | Archer |
| 19:13 | Queue | Archer |
| 19:33 | Queue | Villager (Male) |
| 19:48 | Research | Castle Age |
| 19:48 | Research | Castle Age |
| 19:56 | Queue | Archer |
| 19:56 | Queue | Archer |
| 19:56 | Queue | Archer |
| 19:56 | Queue | Archer |
| 20:25 | Research | Padded Archer Armor |
| 20:37 | Queue | Archer |
| 20:37 | Queue | Archer |
| 20:38 | Queue | Archer |
| 20:39 | Queue | Villager (Male) |
| 20:39 | Queue | Villager (Male) |
| 20:44 | Build | Lumber Camp |
| 21:06 | Queue | Archer |
| 21:07 | Queue | Archer |
| 21:07 | Queue | Archer |
| 21:09 | Queue | Villager (Male) |
| 21:10 | Research | Gold Mining |
| 21:36 | Build | House |
| 21:37 | Build | House |
| 21:38 | Build | House |
| 21:40 | Build | House |
| 22:24 | Queue | Archer |
| 22:25 | Queue | Archer |
| 22:30 | Research | Horse Collar |
Build order — OS | Pierovic
First 150 of 253 actions detected
| 0:00 | Queue | Villager (Male) |
| 0:01 | Queue | Villager (Male) |
| 0:01 | Queue | Villager (Male) |
| 0:02 | Build | House |
| 0:03 | Build | House |
| 0:08 | Queue | Villager (Male) |
| 0:08 | Queue | Villager (Male) |
| 1:19 | Queue | Villager (Male) |
| 1:19 | Queue | Villager (Male) |
| 1:45 | Queue | Villager (Male) |
| 1:45 | Queue | Villager (Male) |
| 1:47 | Build | Lumber Camp |
| 2:14 | Queue | Villager (Male) |
| 2:15 | Queue | Villager (Male) |
| 2:48 | Queue | Villager (Male) |
| 2:48 | Queue | Villager (Male) |
| 3:02 | Queue | Villager (Male) |
| 3:15 | Build | House |
| 3:42 | Queue | Villager (Male) |
| 4:01 | Build | Mill |
| 4:10 | Queue | Villager (Male) |
| 4:42 | Queue | Villager (Male) |
| 4:50 | Queue | Villager (Male) |
| 5:04 | Queue | Villager (Male) |
| 5:09 | Queue | Villager (Male) |
| 5:09 | Queue | Villager (Male) |
| 6:09 | Research | Loom |
| 6:49 | Research | Feudal Age |
| 7:18 | Build | Barracks |
| 7:21 | Build | House |
| 7:53 | Build | House |
| 7:55 | Build | Palisade Wall |
| 8:53 | Age | Feudal Age |
| 8:54 | Build | Stable |
| 8:57 | Queue | Villager (Male) |
| 9:00 | Research | Double-Bit Axe |
| 9:11 | Queue | Villager (Male) |
| 9:24 | Build | Mill |
| 9:31 | Queue | Villager (Male) |
| 9:43 | Queue | Scout Cavalry |
| 9:46 | Build | House |
| 9:47 | Build | House |
| 9:59 | Queue | Villager (Male) |
| 10:03 | Research | Horse Collar |
| 10:12 | Build | Farm |
| 10:15 | Queue | Villager (Male) |
| 10:23 | Build | Farm |
| 10:30 | Build | House |
| 10:39 | Build | Farm |
| 10:43 | Queue | Scout Cavalry |
| 11:05 | Queue | Scout Cavalry |
| 11:06 | Queue | Scout Cavalry |
| 11:19 | Build | Farm |
| 11:21 | Build | Farm |
| 11:52 | Queue | Villager (Male) |
| 11:54 | Build | Farm |
| 11:55 | Build | Farm |
| 11:56 | Build | Farm |
| 12:00 | Build | Palisade Wall |
| 12:07 | Queue | Scout Cavalry |
| 12:15 | Queue | Villager (Male) |
| 12:18 | Build | House |
| 12:22 | Build | Palisade Wall |
| 12:39 | Queue | Villager (Male) |
| 12:41 | Build | Farm |
| 13:07 | Queue | Scout Cavalry |
| 13:10 | Queue | Villager (Male) |
| 13:12 | Build | Farm |
| 13:13 | Build | Farm |
| 13:14 | Queue | Villager (Male) |
| 13:36 | Queue | Scout Cavalry |
| 13:37 | Queue | Villager (Male) |
| 13:41 | Build | Blacksmith |
| 14:02 | Build | Farm |
| 14:03 | Queue | Villager (Male) |
| 14:23 | Queue | Villager (Male) |
| 14:25 | Build | House |
| 14:41 | Build | Mining Camp |
| 14:53 | Queue | Villager (Male) |
| 15:07 | Queue | Villager (Male) |
| 15:34 | Queue | Villager (Male) |
| 16:11 | Queue | Villager (Male) |
| 16:52 | Research | Castle Age |
| 17:09 | Build | Stable |
| 17:49 | Research | Forging |
| 17:55 | Build | Farm |
| 17:56 | Build | Farm |
| 17:57 | Build | Farm |
| 18:05 | Research | Bloodlines |
| 18:06 | Research | Bloodlines |
| 18:24 | Research | Gold Mining |
| 18:36 | Build | Farm |
| 18:39 | Build | Farm |
| 18:42 | Build | Farm |
| 18:49 | Build | House |
| 18:50 | Build | House |
| 18:57 | Research | Scale Barding Armor |
| 19:17 | Age | Castle Age |
| 19:30 | Queue | Knight |
| 19:47 | Queue | Villager (Male) |
| 19:48 | Queue | Knight |
| 19:51 | Build | Town Center |
| 20:05 | Queue | Villager (Male) |
| 20:08 | Queue | Knight |
| 20:08 | Queue | Knight |
| 20:14 | Build | Farm |
| 20:30 | Queue | Villager (Male) |
| 20:48 | Queue | Knight |
| 20:48 | Queue | Knight |
| 20:50 | Queue | Villager (Male) |
| 21:05 | Queue | Villager (Male) |
| 21:06 | Queue | Knight |
| 21:13 | Queue | Villager (Male) |
| 21:23 | Build | Town Center |
| 21:40 | Queue | Knight |
| 21:41 | Queue | Villager (Male) |
| 21:42 | Queue | Villager (Male) |
| 21:44 | Build | Farm |
| 22:04 | Queue | Knight |
| 22:05 | Queue | Knight |
| 22:20 | Queue | Villager (Male) |
| 22:21 | Build | Farm |
| 22:22 | Build | Farm |
| 22:24 | Queue | Villager (Male) |
| 22:29 | Queue | Villager (Male) |
| 22:29 | Queue | Villager (Male) |
| 22:29 | Queue | Villager (Male) |
| 22:42 | Queue | Knight |
| 22:43 | Queue | Knight |
| 22:46 | Queue | Villager (Male) |
| 23:07 | Queue | Knight |
| 23:07 | Queue | Knight |
| 23:09 | Queue | Villager (Male) |
| 23:13 | Build | Farm |
| 23:19 | Queue | Villager (Male) |
| 23:31 | Queue | Villager (Male) |
| 23:31 | Queue | Villager (Male) |
| 23:49 | Queue | Knight |
| 23:49 | Queue | Knight |
| 23:50 | Queue | Villager (Male) |
| 23:50 | Queue | Villager (Male) |
| 23:55 | Build | House |
| 23:58 | Build | House |
| 24:00 | Build | House |
| 24:05 | Build | Lumber Camp |
| 24:08 | Queue | Villager (Male) |
| 24:08 | Queue | Villager (Male) |
| 24:08 | Queue | Villager (Male) |
| 24:52 | Queue | Villager (Male) |
| 24:52 | Queue | Villager (Male) |
Build order — PJtheDcoy
116 actions detected in the replay
| 0:00 | Queue | Villager (Male) |
| 0:01 | Queue | Villager (Male) |
| 0:01 | Queue | Villager (Male) |
| 0:01 | Queue | Villager (Male) |
| 0:02 | Build | House |
| 0:05 | Build | House |
| 1:30 | Queue | Villager (Male) |
| 2:00 | Build | Lumber Camp |
| 2:04 | Queue | Villager (Male) |
| 2:18 | Queue | Villager (Male) |
| 2:52 | Queue | Villager (Male) |
| 3:21 | Queue | Villager (Male) |
| 3:49 | Build | House |
| 3:56 | Queue | Villager (Male) |
| 4:07 | Queue | Villager (Male) |
| 4:13 | Build | House |
| 4:49 | Queue | Villager (Male) |
| 4:59 | Queue | Villager (Male) |
| 5:34 | Queue | Villager (Male) |
| 5:34 | Queue | Villager (Male) |
| 5:59 | Build | Mill |
| 6:02 | Queue | Villager (Male) |
| 6:02 | Queue | Villager (Male) |
| 6:57 | Build | Mining Camp |
| 7:11 | Build | House |
| 7:16 | Queue | Villager (Male) |
| 7:17 | Research | Loom |
| 8:03 | Build | Barracks |
| 8:12 | Build | Palisade Wall |
| 8:29 | Research | Feudal Age |
| 8:49 | Build | Palisade Wall |
| 8:54 | Build | Palisade Wall |
| 9:01 | Build | Palisade Gate |
| 9:20 | Queue | Villager (Male) |
| 9:20 | Queue | Villager (Male) |
| 9:40 | Build | House |
| 9:54 | Build | House |
| 10:01 | Build | Palisade Wall |
| 10:39 | Age | Feudal Age |
| 11:04 | Queue | Spearman |
| 11:04 | Queue | Spearman |
| 11:19 | Build | Palisade Wall |
| 11:22 | Build | Palisade Wall |
| 11:30 | Queue | Spearman |
| 11:39 | Build | Palisade Wall |
| 11:42 | Queue | Villager (Male) |
| 11:42 | Queue | Villager (Male) |
| 11:44 | Research | Double-Bit Axe |
| 11:48 | Research | Horse Collar |
| 12:07 | Build | Archery Range |
| 12:09 | Queue | Villager (Male) |
| 12:09 | Queue | Villager (Male) |
| 12:32 | Queue | Spearman |
| 12:42 | Build | House |
| 12:47 | Build | Palisade Wall |
| 12:49 | Queue | Archer |
| 12:50 | Queue | Archer |
| 13:49 | Build | Blacksmith |
| 13:57 | Queue | Spearman |
| 13:59 | Queue | Archer |
| 14:09 | Build | Watch Tower |
| 14:12 | Build | Palisade Wall |
| 14:18 | Build | Palisade Wall |
| 14:35 | Research | Fletching |
| 15:04 | Build | Palisade Wall |
| 15:21 | Queue | Villager (Male) |
| 15:25 | Build | Farm |
| 15:27 | Build | Farm |
| 15:37 | Build | Farm |
| 15:45 | Queue | Villager (Male) |
| 16:02 | Queue | Archer |
| 16:02 | Queue | Archer |
| 16:24 | Build | Farm |
| 16:25 | Build | Farm |
| 16:30 | Build | Farm |
| 16:31 | Build | Farm |
| 16:36 | Queue | Villager (Male) |
| 16:42 | Build | Farm |
| 16:54 | Queue | Archer |
| 17:18 | Queue | Villager (Male) |
| 17:36 | Queue | Villager (Male) |
| 17:58 | Queue | Villager (Male) |
| 18:13 | Queue | Skirmisher |
| 18:13 | Queue | Skirmisher |
| 18:28 | Build | Archery Range |
| 18:34 | Queue | Villager (Male) |
| 18:39 | Build | House |
| 18:41 | Build | House |
| 18:45 | Queue | Villager (Male) |
| 19:20 | Queue | Archer |
| 19:23 | Research | Gold Mining |
| 19:32 | Build | Farm |
| 19:33 | Build | Farm |
| 19:37 | Build | Farm |
| 19:45 | Build | Farm |
| 19:49 | Build | Farm |
| 19:52 | Queue | Archer |
| 19:53 | Queue | Archer |
| 19:55 | Queue | Skirmisher |
| 20:02 | Research | Padded Archer Armor |
| 20:07 | Build | Farm |
| 20:10 | Build | Farm |
| 20:15 | Build | Farm |
| 20:35 | Queue | Archer |
| 20:35 | Queue | Skirmisher |
| 20:42 | Build | Mining Camp |
| 20:59 | Queue | Villager (Male) |
| 21:38 | Build | Farm |
| 21:41 | Research | Wheelbarrow |
| 21:41 | Queue | Villager (Male) |
| 21:49 | Build | House |
| 22:39 | Build | Farm |
| 23:18 | Queue | Villager (Male) |
| 23:18 | Queue | Villager (Male) |
| 24:13 | Build | Farm |
| 26:52 | Research | Castle Age |
Match timeline
| 5:19 | Relief · wall_segment Palisade Wall x13 |
| 7:18 | OS | Pierovic · first_building Barracks |
| 7:34 | Quando · first_building Barracks |
| 7:42 | Matzeking · first_building Barracks |
| 7:51 | Relief · wall_segment Palisade Wall x7 |
| 7:55 | OS | Pierovic · wall_segment Palisade Wall x4 |
| 8:03 | PJtheDcoy · first_building Barracks |
| 8:05 | Capt. Eadk'an · first_building Barracks |
| 8:12 | PJtheDcoy · wall_segment Palisade Wall x3 |
| 8:14 | Mr Diniz · age_up feudal |
| 8:18 | Mr Diniz · first_building Stable |
| 8:18 | Relief · wall_segment Palisade Wall x5 |
| 8:44 | Matzeking · age_up feudal |
| 8:49 | PJtheDcoy · wall_segment Palisade Wall x8 |
| 8:53 | Matzeking · first_building Archery Range |
| 8:53 | OS | Pierovic · age_up feudal |
| 8:54 | PJtheDcoy · wall_segment Palisade Wall x3 |
| 8:54 | OS | Pierovic · first_building Stable |
| 9:17 | Quando · wall_segment Palisade Wall x8 |
| 9:30 | Quando · age_up feudal |
| 9:32 | Quando · first_building Archery Range |
| 9:41 | Capt. Eadk'an · age_up feudal |
| 9:43 | Capt. Eadk'an · first_building Archery Range |
| 9:50 | Relief · wall_segment Palisade Wall x16 |
| 9:51 | Relief · wall_segment Palisade Wall x1 |
| 10:01 | PJtheDcoy · wall_segment Palisade Wall x7 |
| 10:33 | Fr4ggi · first_building Barracks |
| 10:39 | PJtheDcoy · age_up feudal |
| 11:19 | PJtheDcoy · wall_segment Palisade Wall x9 |
| 11:22 | PJtheDcoy · wall_segment Palisade Wall x10 |
| 11:23 | Quando · wall_segment Palisade Wall x5 |
| 11:29 | Quando · wall_segment Palisade Wall x9 |
| 11:39 | PJtheDcoy · wall_segment Palisade Wall x13 |
| 11:39 | Relief · first_building Barracks |
| 12:00 | OS | Pierovic · wall_segment Palisade Wall x6 |
| 12:02 | Relief · wall_segment Palisade Wall x26 |
| 12:05 | Relief · wall_segment Palisade Wall x1 |
| 12:07 | PJtheDcoy · first_building Archery Range |
| 12:22 | OS | Pierovic · wall_segment Palisade Wall x7 |
| 12:23 | Relief · wall_segment Palisade Wall x10 |
| 12:26 | Fr4ggi · age_up feudal |
| 12:47 | PJtheDcoy · wall_segment Palisade Wall x3 |
| 12:50 | Quando · wall_segment Palisade Wall x8 |
| 12:58 | Relief · age_up feudal |
| 13:11 | Relief · first_building Stable |
| 13:28 | Relief · wall_segment Palisade Wall x18 |
| 14:08 | Matzeking · wall_segment Palisade Wall x11 |
| 14:11 | Relief · wall_segment Palisade Wall x3 |
| 14:12 | PJtheDcoy · wall_segment Palisade Wall x2 |
| 14:17 | Quando · wall_segment Palisade Wall x8 |
| 14:18 | PJtheDcoy · wall_segment Palisade Wall x6 |
| 15:01 | Fr4ggi · first_building Stable |
| 15:04 | PJtheDcoy · wall_segment Palisade Wall x1 |
| 15:06 | Mr Diniz · wall_segment Palisade Wall x1 |
| 15:06 | Mr Diniz · wall_segment Palisade Wall x1 |
| 15:07 | Mr Diniz · wall_segment Palisade Wall x1 |
| 15:07 | Mr Diniz · wall_segment Palisade Wall x1 |
| 15:07 | Mr Diniz · wall_segment Palisade Wall x1 |
| 15:08 | Mr Diniz · wall_segment Palisade Wall x1 |
| 15:09 | Mr Diniz · wall_segment Palisade Wall x1 |
| 15:09 | Mr Diniz · wall_segment Palisade Wall x1 |
| 15:10 | Mr Diniz · wall_segment Palisade Wall x1 |
| 16:17 | Matzeking · wall_segment Palisade Wall x2 |
| 16:20 | Matzeking · wall_segment Palisade Wall x10 |
| 16:59 | Relief · age_up castle |
| 17:45 | Matzeking · wall_segment Palisade Wall x14 |
| 18:00 | Matzeking · wall_segment Palisade Wall x7 |
| 18:06 | Capt. Eadk'an · wall_segment Palisade Wall x14 |
| 18:26 | Fr4ggi · age_up castle |
| 18:32 | Relief · wall_segment Palisade Wall x7 |
| 18:38 | Mr Diniz · wall_segment Palisade Wall x1 |
| 18:39 | Mr Diniz · wall_segment Palisade Wall x1 |
| 18:41 | Mr Diniz · wall_segment Palisade Wall x1 |
| 19:09 | Capt. Eadk'an · wall_segment Palisade Wall x2 |
| 19:11 | Capt. Eadk'an · wall_segment Palisade Wall x14 |
| 19:17 | OS | Pierovic · age_up castle |
| 19:28 | Quando · first_market_sell 100 wood |
| 19:43 | Quando · first_market_buy 100 food |
| 19:46 | Mr Diniz · age_up castle |
| 22:02 | Capt. Eadk'an · age_up castle |
| 22:38 | Quando · age_up castle |
| 22:56 | Mr Diniz · first_building Monastery |
| 23:14 | Mr Diniz · wall_segment Palisade Wall x1 |
| 23:21 | Matzeking · age_up castle |
| 25:26 | Quando · first_building Monastery |
| 26:42 | Quando · first_building Siege Workshop |
| 28:05 | Matzeking · first_building Siege Workshop |
| 28:58 | Fr4ggi · resign |
[ AI ANALYSIS · 1 CREDIT ]
What really happened in this match?
Wolo.gg analyzes every decision: build order, eco, micro, common mistakes by bracket. Personalized analysis on WhatsApp or Discord in 30 seconds.
Civ guide
Burgundians
Perfil
Jugador #2141671